 Dungeon Crawl Stone Soup version 0.25.1-2-g60ff931df9 (webtiles) character file.

Game seed: 13941267444186579109

337878 DogServant the Marksgargoyle (level 22, -23/152 HPs)
             Began as a Gargoyle Hunter on Oct 18, 2020.
             Was the Champion of Okawaru.
             Killed by the air
             ... invoked by a spriggan air mage
             ... led by a spriggan defender
              (33 damage)
             ... on level 3 of the Depths.
             The game lasted 02:09:15 (58085 turns).

DogServant the Marksgargoyle (Gargoyle Hunter)     Turns: 58085, Time: 02:09:16

Health: -23/152    AC: 47    Str: 34      XL:     22   Next: 26%
Magic:  25/29      EV: 22    Int: 13 (17) God:    Okawaru [******]
Gold:   3306       SH:  5    Dex: 19      Spells: 21/21 levels left

rFire    + + .     SeeInvis +   D - +4 longbow "Cunalola" {flame, MR+ Str+4 SInv}
rCold    + . .     Gourm    .   (shield currently unavailable)
rNeg     + + .     Faith    .   h - +0 plate armour of Ru's Scorn {rF+ rN+ MR+ Int+4} (curse)
rPois    ∞         Spirit   .   o - +0 helmet "Teil" {*Contam rF+ Str+3}
rElec    +         Reflect  +   E - scarf {+Inv}
rCorr    .         Harm     .   Y - +2 pair of gloves {Str+3}
MR       +++..                  J - +2 pair of boots
Stlth    ..........             V - amulet of reflection
HPRegen  0.35/turn              g - +4 ring of slaying
MPRegen  0.21/turn              O - +6 ring of dexterity

@: heroism, finesse, flying
A: big wings, slimy green scales 1, agile 1, cold resistance 1, negative energy
resistance 1, sense surroundings 2, electricity resistance, unbreathing,
petrification resistance, rot immunity, AC +16
}: 1/15 runes: gossamer
a: Stop Flying, Heroism, Finesse, Renounce Religion, Evoke Invisibility


You were on level 3 of the Depths.
You worshipped Okawaru.
Okawaru was exalted by your worship.
You were hungry.

You visited 8 branches of the dungeon, and saw 38 of its levels.
You visited 1 bazaar.
You also visited: Ossuary.

You collected 4461 gold pieces.
You spent 1155 gold pieces at shops.

Inventory:

Hand Weapons
 v - the +5 spear "Spiderslayer" {freeze, Str+3 Int+4}
   (You bought it in a shop in a bazaar)

   It has been specially enchanted to freeze those struck by it, causing extra
   injury to most foes and up to half again as much damage against particularly
   susceptible opponents.
   It can also slow down cold-blooded creatures.
   It affects your strength (+3).
   It affects your intelligence (+4).
 D - the +4 longbow "Cunalola" (weapon) {flame, MR+ Str+4 SInv}
   (Okawaru gifted it to you on level 6 of the Lair of Beasts)

   It causes projectiles fired from it to burn those they strike, causing extra
   injury to most foes and up to half again as much damage against particularly
   susceptible opponents.
   It affects your strength (+4).
   It affects your resistance to hostile enchantments.
   It lets you see invisible.
Missiles
 d - 1016 arrows (quivered)
Armour
 h - the cursed +0 plate armour of Ru's Scorn (worn) {rF+ rN+ MR+ Int+4}
   (You found it on level 1 of the Vaults)

   It affects your intelligence (+4).
   It protects you from fire.
   It protects you from negative energy.
   It affects your resistance to hostile enchantments.
   It has a curse placed upon it.
 o - the +0 helmet "Teil" (worn) {*Contam rF+ Str+3}
   (You acquired it on level 4 of the Lair of Beasts)

   It affects your strength (+3).
   It protects you from fire.
   It causes magical contamination when unequipped.
 E - a scarf of invisibility (worn)
 J - a +2 pair of boots (worn)
 Y - a +2 pair of gloves of strength (worn)
 Z - a +2 crystal plate armour
Jewellery
 g - a +4 ring of slaying (left hand)
 n - an uncursed ring of protection from fire
 u - an uncursed ring of see invisible
 x - an uncursed ring of protection from magic
 O - a +6 ring of dexterity (right hand)
 V - an amulet of reflection (around neck)
Wands
 b - a wand of flame (101)
 c - a wand of digging (19)
 A - a wand of disintegration (16)
 B - a wand of paralysis (8)
 F - a wand of iceblast (26)
 X - a wand of acid (28)
Scrolls
 e - 6 scrolls of blinking
 i - 8 scrolls of fog
 r - 13 scrolls of amnesia
 s - 8 scrolls of enchant armour
 t - 17 scrolls of identify
 w - 16 scrolls of teleportation
 y - 8 scrolls of magic mapping
 I - 10 scrolls of enchant weapon
 K - 2 scrolls of silence
 M - 3 scrolls of fear
 Q - 17 scrolls of remove curse
 S - a scroll of holy word
Potions
 a - a potion of mutation
 j - a potion of experience
 k - a potion of resistance
 l - 3 potions of berserk rage
 m - 4 potions of cancellation
 p - 12 potions of lignification
 q - 8 potions of brilliance
 z - 2 potions of heal wounds
 C - 15 potions of curing
 L - 4 potions of ambrosia
 N - a potion of might
 R - 2 potions of magic
 U - 3 potions of haste
 W - a potion of invisibility
Comestibles
 f - 32 rations


   Skills:
 - Level 20.2(25.2) Fighting
 - Level 12.0(17.0) Polearms
 - Level 20.6(25.6) Bows
 + Level 14.4(19.4) Armour
 + Level 13.5(18.5) Dodging
 - Level 1.1(6.1) Stealth
 - Level 10.0 Invocations
 - Level 7.0 Evocations


You had 21 spell levels left.
You didn't know any spells.
Your spell library contained the following spells:

 Spells                   Type           Power        Failure   Level  Hunger
 Animate Skeleton         Necr           N/A          73%         1    ##.....
 Beastly Appendage        Tmut           #.....       73%         1    ##.....
 Freeze                   Ice            #...         73%         1    ##.....
 Pain                     Necr           #...         73%         1    ##.....
 Sandblast                Erth           #.....       73%         1    ##.....
 Shock                    Conj/Air       #...         73%         1    ##.....
 Passwall                 Tmut/Erth      #.......     86%         2    ###....
 Sticks to Snakes         Tmut           #.......     86%         2    ###....
 Swiftness                Chrm/Air       #.......     86%         2    ###....
 Frozen Ramparts          Ice            #.....       97%         3    ####...
 Ozocubu's Armour         Chrm/Ice       #.......     97%         3    ####...
 Spider Form              Tmut/Pois      #.........   97%         3    ####...
 Static Discharge         Conj/Air       #.......     97%         3    ####...
 Stone Arrow              Conj/Erth      #.....       97%         3    ####...
 Vampiric Draining        Necr           #.........   97%         3    ####...
 Airstrike                Air            #.........   100%        4    #####..
 Animate Dead             Necr           N/A          100%        4    #####..
 Hailstorm                Conj/Ice       #.......     100%        4    #####..
 Ice Form                 Ice/Tmut       #.......     100%        4    #####..
 Leda's Liquefaction      Hex/Erth       #.........   100%        4    #####..
 Petrify                  Tmut/Erth      #.......     100%        4    #####..
 Summon Ice Beast         Ice/Summ       #.......     100%        4    #####..
 Agony                    Necr           #.......     100%        5    ######.
 Blade Hands              Tmut           #.........   100%        5    ######.
 Bolt of Magma            Conj/Fire/Erth #.........   100%        5    ######.
 Irradiate                Conj/Tmut      #.........   100%        5    ######.
 Lee's Rapid Deconstruct  Erth           #.........   100%        5    ######.
 Lightning Bolt           Conj/Air       #.........   100%        5    ######.
 Hydra Form               Tmut           #.........   100%        6    #######
 Iron Shot                Conj/Erth      #.........   100%        6    #######
 Dragon Form              Tmut           #.........   100%        7    #######
 Shatter                  Erth           #.........   100%        9    #######
 Statue Form              Tmut/Erth      Unusable     N/A         6    N/A

Dungeon Overview and Level Annotations

Branches:
Dungeon (15/15)            Temple (1/1) D:7            Lair (6/6) D:9
 Shoals (0/4) Lair:3       Spider (4/4) Lair:3        Slime (0/5) Lair:5
    Orc (2/2) D:9             Elf (2/3) Orc:2        Vaults (5/5) D:13
  Crypt (0/3) Vaults:3     Depths (3/5) D:15        Ossuary (visited)

Altars:
Ashenzari
Cheibriados
Dithmenos
Elyvilon
Fedhas
Gozag
Hepliaklqana
Kikubaaqudgha
Makhleb
Nemelex Xobeh
Okawaru
Qazlal
Ru
Sif Muna
Trog
Uskayaw
Vehumet
Wu Jian
Xom
Yredelemnul
Zin
The Shining One
Jiyva

Shops:
D:9 :   Orc:2 }(%=?

Portals:
Hell: Depths:1
Abyss: D:10 Depths:1

Annotations:
D:10 2 transporters, DogServant's ghost, novice DrTm
Lair:2 exclusion: oklob plant
Lair:4 3 runed translucent doors, Peruol's ghost, journeyman FoFi
Lair:5 3 runed translucent doors, admiralandromeda's ghost, journeyman BaIE


Innate Abilities, Weirdness & Mutations

You are resistant to torment.
Your stone body is resilient. (AC +16)
You are immune to poison.
Your large and strong wings let you fly indefinitely.
You resist negative energy. (rN+)
You are resistant to electric shocks. (rElec)
You can survive without breathing.
You are immune to petrification.
You are immune to rotting.
You are partially covered in slimy green scales. (AC +2)
You are agile. (Dex +2)
Your flesh is cold resistant. (rC+)
You passively map the area around you.


Message History

Unknown command.
Unknown command.
You feel much better.
The spriggan defender barely misses you.
The spriggan rider hits you from afar with a +0 spear.
The spriggan defender barely misses you.
The spriggan air mage waves its arms in wide circles.
The air twists around and violently strikes you in flight!!!
* * * LOW HITPOINT WARNING * * *
Firing (i - inventory)
d - 1017 arrows (quivered)
Press: ? - help, Shift-Dir - straight line, f/p - spriggan defender
Aim: a spriggan defender, wielding a +1 rapier of electrocution, wearing a +0 robe and wearing a +0 buckler (almost dead, covered in acid)
You shoot an arrow. The arrow hits the spriggan defender!!
The arrow burns the spriggan defender.
You kill the spriggan defender!
Okawaru accepts your kill.
You feel your intelligence returning.
The spriggan air mage waves its arms in wide circles.
The air twists around and violently strikes you in flight!!
You die...

≈≈≈≈≈≈≈≈##≈≈≈..........≈≈≈≈≈≈≈≈≈≈
≈≈≈≈≈≈≈≈≈≈≈≈...............#≈≈≈≈≈
.≈≈≈≈≈≈≈≈≈≈≈.......#############≈
...≈≈≈≈≈≈≈≈≈.......#.......().'≈≈
....≈≈≈≈≈≈≈........#.......#..##≈
.....≈≈≈≈≈≈....#####.......#####≈
#######≈≈≈≈....#...#.))...(# ≈≈ #
, ,#.≈≈≈≈..##...#.......# #≈ # ,
###≈≈≈iWi(@..'.......# *#≈ ,
#...≈≈≈i##...#.......# ≈≈
,'...≈≈≈..#...#.......# *≈ ,,
#...≈≈≈.i#####.......#* ≈
#+#######≈≈≈.......#.......# ≈≈
#.#)....≈≈≈#..i....#.......# ,
'.#....≈≈≈.#.i.....######### * ≈
#)#...≈≈...#............,
#.'...≈≈...#............,


You could see 2 spriggan riders, a spriggan air mage (repels missiles) and a
shadow (invisible).

Vanquished Creatures
  An ancient lich (Depths:3)
  Mara (Spider:3)
  Sojobo (Vaults:1)
  Jory (Vaults:2)
  Arachne (Spider:2)
  2 liches
  Frances (Spider:2)
  2 tengu reavers
  A shadow dragon (Depths:3)
  5 storm dragons
  2 nagarajas (Depths:1)
  A fire giant (Depths:3)
  A frost giant (Depths:1)
  A ghost moth (shapeshifter) (Vaults:3)
  6 ghost moths
  An iron dragon (Vaults:4)
  10 vault wardens
  Louise (Depths:1)
  8 emperor scorpions
  2 spriggan defenders (Depths:3)
  13 stone giants
  10 very ugly things
  2 vampire knights
  10 ironheart preservers
  4 entropy weavers
  4 spark wasps
  A dire elephant (D:15)
  2 eidola (Depths:3)
  4 fire dragons
  2 ettins
  A deep elf death mage (Elf:1)
  14 yaktaur captains
  Fannar (Lair:3)
  5 great orbs of eyes
  2 naga warriors (Depths:1)
  3 rakshasas
  5 hydras
  5 ice dragons
  3 catoblepae (Lair:6)
  23 vault guards
  6 centaur warriors
  33 two-headed ogres
  9 ogre magi
  3 dancing weapons (Elf:1)
  2 death knights (Vaults:3)
  11 death yaks
  2 tengu warriors (Depths:2)
  2 anacondas (Depths:1)
  3 deep troll shamans
  A deep troll earth mage (Vaults:3)
  A queen ant (D:11)
  A vampire mage (Depths:1)
  A two-headed ogre (shapeshifter) (Vaults:4)
  An orc high priest (Orc:2)
  Nergalle (Lair:1)
  A soul eater (Depths:3)
  3 hell knights (Depths:3)
  4 shadow wraiths
  6 deep elf knights
  Sonja (D:11)
  A fire crab (Lair:3)
  6 skeletal warriors
  2 unseen horrors
  12 deep trolls
  6 glowing orange brains (Depths:3)
  A spectral hydra (Depths:3)
  An orange crystal statue (Depths:3)
  A death drake (Depths:3)
  7 ironbrand convokers
  3 flayed ghosts
  5 phantasmal warriors
  4 lindwurms
  7 deep elf archers
  6 wizards
  A necromancer (Depths:2)
  A mana viper (Depths:3)
  15 orc knights
  48 ugly things
  20 orb spiders
  23 deep elf magi
  4 orc sorcerers
  6 cyclopes
  32 wolf spiders
  A moth of wrath (Spider:3)
  10 elephants
  A sphinx skeleton (Depths:2)
  15 vault sentinels
  A water nymph (shapeshifter) (Vaults:4)
  7 guardian serpents (Depths:1)
  3 manticores
  A fire giant skeleton (Depths:2)
  A stone giant skeleton (Depths:2)
  2 black mambas
  3 centaur zombies
  A torpor snail (Lair:4)
  5 spiny frogs
  3 naga magi (Depths:1)
  3 gargoyles
  A spiny frog (shapeshifter) (Vaults:1)
  An elf skeleton (Depths:2)
  A rime drake (shapeshifter) (Depths:2)
  A storm dragon simulacrum (Depths:2)
  A rime drake (Lair:3)
  6 kobold demonologists
  41 yaktaurs
  2 spectral merfolk (Depths:3)
  10 komodo dragons
  13 demonic crawlers
  A yaktaur (shapeshifter) (Elf:2)
  An efreet (D:14)
  6 freezing wraiths
  3 tengu conjurers
  A polar bear (shapeshifter) (D:15)
  A merfolk (D:15)
  A queen bee (D:9)
  A polar bear (Lair:6)
  40 jumping spiders
  11 trolls
  16 hornets
  A blink frog (shapeshifter) (Vaults:3)
  4 blink frogs (Lair:6)
  Grinder (D:4)
  A harpy skeleton (D:15)
  6 slime creatures
  6 dream sheep (Lair:4)
  A meliai zombie (D:12)
  A stone giant simulacrum (Vaults:1)
  3 raiju (Depths:3)
  10 hippogriffs
  A human simulacrum (Vaults:2)
  67 redbacks
  4 spriggans (Depths:3)
  Sigmund (D:5)
  25 tarantellas
  2 air elementals (Elf:1)
  A redback (shapeshifter) (Vaults:4)
  2 fire elementals (Elf:1)
  A tarantella (shapeshifter) (Vaults:2)
  5 water elementals
  6 shadows
  4 vampires (Depths:3)
  A wyvern (Lair:2)
  6 hungry ghosts
  17 humans (D:13)
  9 wraiths
  A yak (shapeshifter) (Vaults:3)
  59 yaks
  4 basilisks
  14 wargs
  Menkaure (D:6)
  14 vampire mosquitoes
  A yaktaur simulacrum (Vaults:1)
  2 hydra simulacra (Depths:3)
  12 nagas (Depths:1)
  3 acid dragons
  3 hell hounds (Depths:3)
  6 soldier ants (D:11)
  6 water moccasins
  3 black bears
  9 porcupines
  A water moccasin (shapeshifter) (D:14)
  2 ice beasts (D:13)
  3 phantoms
  42 orc warriors
  8 sky beasts
  25 ogres
  2 eyes of draining
  2 necrophages (D:10)
  14 wolves
  5 boggarts
  16 centaurs
  A big kobold (D:10)
  19 crocodiles
  13 bullfrogs
  3 water moccasin zombies (Ossuary)
  A hornet simulacrum (Vaults:1)
  3 scorpions
  3 wyvern skeletons
  A water moccasin skeleton (D:8)
  4 spectral ogres (Depths:3)
  3 spectral nagas (Depths:3)
  17 killer bees
  14 wights
  3 howler monkeys
  5 jellies
  2 electric eels
  2 spectral centaurs (Depths:3)
  10 crimson imps
  A bullfrog zombie (D:10)
  4 centaur skeletons
  11 hounds
  26 orc wizards
  3 bullfrog skeletons
  30 orc priests
  3 iguanas
  19 worker ants
  A troll simulacrum (Depths:3)
  4 big kobold zombies (Ossuary)
  A hound skeleton (D:10)
  3 mummies
  8 adders
  2 shadow imps
  An ooze (D:1)
  2 adder skeletons (D:7)
  4 adder zombies (Ossuary)
  3 worms
  2 dart slugs (D:1)
  6 leopard geckos
  92 orcs
  7 bats
  8 giant cockroaches
  5 gnoll zombies (Ossuary)
  7 goblins
  9 hobgoblins
  10 jackals
  5 quokkas
  3 ball pythons
  7 frilled lizards
  5 hobgoblin zombies (Ossuary)
  9 kobolds
  7 kobold zombies (Ossuary)
  6 orc zombies
  A quokka skeleton (D:9)
  8 rats
1554 creatures vanquished.

Vanquished Creatures (others)
  An ettin (Vaults:4)
  A deep elf knight (Elf:2)
  2 shadow wraiths
  A deep troll (Vaults:4)
  An orc sorcerer (Orc:2)
  A vampire (Depths:3)
  2 nagas (Depths:1)
  2 ogres
  An orc priest (Orc:2)
  2 orcs (Vaults:4)
  11 fungi
  13 plants
38 creatures vanquished.

Grand Total: 1592 creatures vanquished

Notes
Turn   | Place    | Note
-------+----------+-------------------------------------------
     0 | D:1      | DogServant the Gargoyle Hunter began the quest for the Orb.
     0 | D:1      | Reached XP level 1. HP: 12/12 MP: 1/1
    76 | D:1      | Reached XP level 2. HP: 12/17 MP: 2/2
   494 | D:1      | Reached XP level 3. HP: 18/21 MP: 3/3
   549 | D:1      | Reached skill level 5 in Bows
  1157 | D:2      | Found a shattered altar of Ashenzari.
  1881 | D:3      | Reached XP level 4. HP: 25/26 MP: 4/4
  2316 | D:3      | Reached XP level 5. HP: 28/32 MP: 5/5
  2772 | D:4      | Found a bloodstained altar of Trog.
  3224 | D:4      | Reached XP level 6. HP: 28/38 MP: 6/6
  3579 | D:4      | Noticed Grinder
  3600 | D:4      | Paralysed by Grinder for 6 turns
  3606 | D:4      | Killed Grinder
  3806 | D:5      | Entered Level 5 of the Dungeon
  3814 | D:5      | Found a glowing golden altar of the Shining One.
  3853 | D:5      | Reached skill level 5 in Fighting
  3853 | D:5      | Reached XP level 7. HP: 44/44 MP: 7/7
  4004 | D:5      | Noticed Sigmund
  4010 | D:5      | Killed Sigmund
  4241 | D:5      | Found a basalt altar of Yredelemnul.
  4241 | D:5      | Found a hide-covered altar of Uskayaw.
  4242 | D:5      | Found a glowing silver altar of Zin.
  4397 | D:6      | Reached XP level 8. HP: 52/52 MP: 8/8
  4626 | D:6      | Found a sand-covered staircase.
  4636 | Ossuary  | Entered an ossuary
  5336 | D:6      | Noticed Menkaure
  5355 | D:6      | Killed Menkaure
  6183 | D:6      | Reached XP level 9. HP: 60/60 MP: 9/9
  6630 | D:7      | Reached skill level 1 in Armour
  6639 | D:7      | Found a flagged portal.
  7072 | D:7      | Identified the cursed +2 rapier "Naskojo Zari" {vamp, rC+}
  7277 | D:7      | Found a staircase to the Ecumenical Temple.
  7299 | Temple   | Entered the Ecumenical Temple
  7338 | Temple   | Became a worshipper of Warmaster Okawaru
  7593 | D:7      | Got a pitted trident
  7594 | D:7      | Identified the cursed +0 trident of the Doomed Warrior
                  | {vorpal, rElec Dex+6} (You found it on level 7 of the
                  | Dungeon)
  7969 | D:8      | Reached skill level 10 in Bows
  8291 | D:8      | You fall into a shaft and drop 3 floors!
  8297 | D:10     | Entered Level 10 of the Dungeon
  8614 | D:10     | Reached * piety under Okawaru
  8619 | D:9      | Found a staircase to the Orcish Mines.
  8657 | D:9      | Found Joest's Book Shop.
  8674 | D:9      | Found a staircase to the Lair.
  8675 | D:9      | Noticed a komodo dragon
  8922 | D:9      | Reached XP level 10. HP: 68/68 MP: 10/10
  8940 | D:9      | Noticed a two-headed ogre
  8949 | D:9      | Killed a two-headed ogre
  8949 | D:9      | Reached ** piety under Okawaru
  8949 | D:9      | Reached skill level 10 in Fighting
  8949 | D:9      | Reached skill level 1 in Polearms
  8949 | D:9      | Reached skill level 5 in Armour
  8949 | D:9      | Reached skill level 1 in Evocations
  9287 | D:8      | Found a glowing silver altar of Zin.
  9990 | D:9      | Noticed a two-headed ogre
 10004 | D:9      | Killed a two-headed ogre
 10004 | D:9      | Reached *** piety under Okawaru
 10144 | D:9      | Reached XP level 11. HP: 41/72 MP: 14/14
 10531 | D:9      | Found a shimmering blue altar of Sif Muna.
 10680 | D:9      | Received a gift from Okawaru
 10711 | D:9      | Reached skill level 5 in Invocations
 11344 | D:10     | Found a one-way gate to the infinite horrors of the Abyss.
 11419 | D:10     | Noticed DogServant's ghost (novice DrTm)
 11425 | D:10     | Found a transporter.
 11428 | D:10     | Identified the +11 spear "Ciddya Rabla" {distort, Str+6
                  | Int-3 Stlth+}
 11441 | D:10     | Found a stormy altar of Qazlal.
 11476 | D:10     | Found a transporter.
 11570 | D:10     | Noticed a two-headed ogre
 11578 | D:10     | Killed a two-headed ogre
 11578 | D:10     | Reached **** piety under Okawaru
 11781 | D:10     | Noticed a sixfirhy
 11798 | D:10     | Reached skill level 5 in Evocations
 11891 | D:10     | Reached ***** piety under Okawaru
 11936 | D:10     | Received a gift from Okawaru
 12084 | D:10     | Got a scintillating lapis lazuli ring
 12086 | D:10     | Identified the ring "Gayd" {Str-4 Int+5 Dex+6} (You found
                  | it on level 10 of the Dungeon)
 12395 | D:11     | Noticed a manticore
 12407 | D:11     | Killed a manticore
 12566 | Lair:1   | Entered Level 1 of the Lair of Beasts
 12811 | Lair:1   | Noticed Nergalle
 12840 | Lair:1   | Killed Nergalle
 13001 | Lair:1   | Reached XP level 12. HP: 72/77 MP: 16/16
 13152 | Lair:1   | Received a gift from Okawaru
 13366 | Lair:1   | Reached skill level 5 in Polearms
 13391 | Lair:1   | Received a gift from Okawaru
 13871 | Lair:1   | Received a gift from Okawaru
 13878 | Lair:1   | Got a shimmering buckler {god gift}
 14009 | Lair:1   | Noticed a five-headed hydra
 14017 | Lair:1   | Killed a five-headed hydra
 15968 | Lair:3   | Found a staircase to the Shoals.
 16028 | Lair:3   | Found a hole to the Spider Nest.
 16265 | Lair:3   | Found a runed translucent door.
 16345 | Lair:3   | Noticed Fannar
 16373 | Lair:3   | Reached XP level 13. HP: 57/82 MP: 9/17
 16397 | Lair:3   | Killed Fannar
 17224 | Lair:3   | Noticed an entropy weaver
 17260 | Lair:4   | Received a gift from Okawaru
 17945 | Lair:4   | Found a runed translucent gate.
 17945 | Lair:4   | Found a runed translucent gate.
 17967 | Lair:4   | Found a runed translucent gate.
 17977 | Lair:4   | Noticed Peruol's ghost (journeyman FoFi)
 18188 | Lair:4   | Received a gift from Okawaru
 18522 | Lair:4   | Received a gift from Okawaru
 18522 | Lair:4   | Reached skill level 15 in Bows
 19025 | Lair:5   | Found a staircase to the Slime Pits.
 19025 | Lair:5   | Found a viscous altar of Jiyva.
 19213 | Lair:5   | Found a runed translucent gate.
 19215 | Lair:5   | Found a runed translucent gate.
 19216 | Lair:5   | Found a runed translucent gate.
 19218 | Lair:5   | Noticed admiralandromeda's ghost (journeyman BaIE)
 19640 | Lair:6   | Entered Level 6 of the Lair of Beasts
 19836 | Lair:6   | Gained mutation: Your large and strong wings let you fly
                  | indefinitely. [Gargoyle growth]
 19836 | Lair:6   | Reached XP level 14. HP: 88/88 MP: 18/18
 19993 | Lair:6   | Reached skill level 5 in Dodging
 20432 | Lair:6   | Received a gift from Okawaru
 20466 | Lair:6   | Got a smoking longbow {god gift}
 20467 | Lair:6   | Identified the +4 longbow "Cunalola" {flame, MR+ Str+4
                  | SInv} (Okawaru gifted it to you on level 6 of the Lair of
                  | Beasts)
 21430 | Lair:6   | Reached skill level 10 in Polearms
 22284 | D:11     | Received a gift from Okawaru
 22393 | D:11     | Noticed Sonja
 22405 | D:11     | Killed Sonja
 22737 | D:12     | Received a gift from Okawaru
 22953 | D:12     | Gained mutation: You have a pair of small horns on your
                  | head. [potion of mutation]
 22953 | D:12     | Gained mutation: You have large cloven feet. [potion of
                  | mutation]
 22954 | D:12     | Lost mutation: You have a pair of small horns on your head.
                  | [potion of mutation]
 22954 | D:12     | Lost mutation: You have large cloven feet. [potion of
                  | mutation]
 22954 | D:12     | Gained mutation: You possess an exceptional clarity of
                  | mind. [potion of mutation]
 22954 | D:12     | Gained mutation: You have large cloven feet. [potion of
                  | mutation]
 22955 | D:12     | Lost mutation: You have large cloven feet. [potion of
                  | mutation]
 22955 | D:12     | Gained mutation: Armour fits poorly on your strangely
                  | shaped body. [potion of mutation]
 22955 | D:12     | Gained mutation: You are agile. (Dex +2) [potion of
                  | mutation]
 22955 | D:12     | Gained mutation: You passively map a small area around you.
                  | [potion of mutation]
 23047 | D:12     | Received a gift from Okawaru
 23114 | D:12     | Got a dazzling short sword {god gift}
 24210 | D:13     | Found a stormy altar of Qazlal.
 24277 | D:13     | Reached XP level 15. HP: 96/96 MP: 20/20
 24794 | D:13     | Received a gift from Okawaru
 25088 | D:13     | Lost mutation: You possess an exceptional clarity of mind.
                  | [potion of mutation]
 25088 | D:13     | Lost mutation: Armour fits poorly on your strangely shaped
                  | body. [potion of mutation]
 25088 | D:13     | Gained mutation: Your flesh is cold resistant. (rC+)
                  | [potion of mutation]
 25088 | D:13     | Gained mutation: You are partially covered in slimy green
                  | scales. (AC +2) [potion of mutation]
 25088 | D:13     | Gained mutation: You passively map the area around you.
                  | [potion of mutation]
 25174 | Orc:1    | Entered Level 1 of the Orcish Mines
 25449 | Orc:2    | Entered Level 2 of the Orcish Mines
 25465 | Orc:2    | Found a staircase to the Elven Halls.
 25638 | Orc:2    | Identified the +6 short sword "Murmur" {speed, *Rage +Inv
                  | Str+3 Int+5} (Okawaru gifted it to you on level 12 of the
                  | Dungeon)
 25799 | Orc:2    | Found Ownuri's Magic Scroll Shoppe.
 25814 | Orc:2    | Bought 3 scrolls of blinking for 292 gold pieces
 25814 | Orc:2    | Bought a scroll of teleportation for 39 gold pieces
 26072 | Orc:2    | Received a gift from Okawaru
 26491 | Orc:2    | Found Geqes's Jewellery Boutique.
 26491 | Orc:2    | Found Cojiargh's Gadget Shop.
 26491 | Orc:2    | Found Efrap's Antique Weapon Shop.
 26523 | Orc:2    | Found Edabamaam's Food Boutique.
 27097 | Orc:2    | Bought an uncursed ring of protection from magic for 300
                  | gold pieces
 27133 | Elf:1    | Entered Level 1 of the Elven Halls
 27157 | Elf:1    | Received a gift from Okawaru
 27175 | Elf:1    | Received a gift from Okawaru
 29030 | Spider:1 | Entered Level 1 of the Spider Nest
 29056 | Spider:1 | Reached XP level 16. HP: 91/104 MP: 22/22
 29384 | Spider:1 | Received a gift from Okawaru
 30014 | Spider:1 | Received a gift from Okawaru
 30565 | Spider:2 | Noticed Frances
 30783 | Spider:1 | Received a gift from Okawaru
 31510 | Spider:2 | Killed Frances
 31510 | Spider:2 | Received a gift from Okawaru
 31566 | Spider:2 | Got a bloodstained chain mail {god gift}
 31577 | Spider:2 | Identified the +6 chain mail "Awnatt Ofaa" {-Tele Harm MR+
                  | Int+9} (Okawaru gifted it to you on level 2 of the Spider
                  | Nest)
 32372 | Spider:2 | Noticed Arachne
 32387 | Spider:2 | Killed Arachne
 33482 | Spider:3 | Received a gift from Okawaru
 33482 | Spider:3 | Reached skill level 10 in Dodging
 33482 | Spider:3 | Reached XP level 17. HP: 22/109 MP: 17/23
 34321 | Spider:3 | Noticed Mara
 34341 | Spider:3 | Killed Mara
 34341 | Spider:3 | Received a gift from Okawaru
 35606 | Spider:4 | Entered Level 4 of the Spider Nest
 35744 | Spider:4 | Received a gift from Okawaru
 36266 | Spider:4 | Received a gift from Okawaru
 36799 | Spider:4 | Received a gift from Okawaru
 37258 | Spider:4 | Got a gossamer rune of Zot
 37330 | Spider:4 | Received a gift from Okawaru
 38730 | D:14     | Reached XP level 18. HP: 115/116 MP: 24/24
 39540 | D:14     | Found a sacrificial altar of Ru.
 39581 | D:15     | Entered Level 15 of the Dungeon
 39620 | D:15     | Found a staircase to the Depths.
 40427 | D:15     | Found a blossoming altar of Fedhas.
 40611 | D:15     | Reached skill level 10 in Invocations
 40673 | D:15     | Received a gift from Okawaru
 40924 | D:13     | Found a gate to the Vaults.
 41056 | Vaults:1 | Entered Level 1 of the Vaults
 41062 | Vaults:1 | Noticed Sojobo
 41085 | Vaults:1 | Killed Sojobo
 41109 | Vaults:1 | Received a gift from Okawaru
 41874 | Lair:4   | Identified a scroll of acquirement
 41874 | Lair:4   | Acquired the +0 helmet "Teil" {*Contam rF+ Str+3}
 42558 | Vaults:1 | Received a gift from Okawaru
 42558 | Vaults:1 | Reached skill level 15 in Fighting
 42566 | Vaults:1 | Received a gift from Okawaru
 42627 | Vaults:1 | Received a gift from Okawaru
 42871 | Vaults:1 | Reached skill level 10 in Armour
 43461 | Vaults:1 | Reached XP level 19. HP: 107/125 MP: 26/26
 43580 | Vaults:1 | Got a scorched plate armour
 43591 | Vaults:1 | Identified the cursed +0 plate armour of Ru's Scorn {rF+
                  | rN+ MR+ Int+4} (You found it on level 1 of the Vaults)
 43633 | Vaults:1 | You are sucked into a shaft and drop 1 floor!
 44289 | Vaults:2 | Reached ****** piety under Okawaru
 44406 | Vaults:2 | Received a gift from Okawaru
 44736 | Vaults:2 | Received a gift from Okawaru
 45377 | Vaults:2 | Noticed Jory
 45389 | Vaults:2 | Killed Jory
 47173 | Vaults:3 | Received a gift from Okawaru
 48687 | Vaults:3 | Found a staircase to the Crypt.
 48704 | Vaults:3 | Reached XP level 20. HP: 134/137 MP: 27/27
 49041 | Vaults:3 | You are sucked into a shaft and drop 1 floor!
 49041 | Vaults:4 | Found a flickering gateway to a bazaar.
 49047 | Bazaar   | Entered a bazaar
 49047 | Bazaar   | Found Oteckiong's Assorted Antiques.
 49047 | Bazaar   | Found Ohoedost's Distillery.
 49051 | Bazaar   | Found Roal's Gadget Shoppe.
 49059 | Bazaar   | Bought a wand of acid (6) for 280 gold pieces
 49065 | Bazaar   | Found Rel Soc's Antique Weapon Emporium.
 49069 | Bazaar   | Bought a potion of curing for 30 gold pieces
 49069 | Bazaar   | Bought a potion of curing for 30 gold pieces
 49073 | Bazaar   | Bought a transparent spear for 184 gold pieces
 49078 | Bazaar   | Identified the +5 spear "Spiderslayer" {freeze, Str+3
                  | Int+4} (You bought it in a shop in a bazaar)
 49551 | Vaults:4 | Received a gift from Okawaru
 49632 | Vaults:4 | Received a gift from Okawaru
 49649 | Vaults:4 | Got a masterwork shortbow {god gift}
 49956 | Vaults:4 | Noticed a lich
 49978 | Vaults:4 | Killed a lich
 51714 | Vaults:5 | Entered Level 5 of the Vaults
 51735 | Vaults:5 | Noticed a Tzitzimitl
 52079 | Vaults:4 | Received a gift from Okawaru
 52557 | Vaults:3 | Reached XP level 21. HP: 95/146 MP: 28/28
 53106 | Depths:1 | Entered Level 1 of the Depths
 54038 | Depths:1 | Found a gateway to Hell.
 54080 | Depths:1 | Noticed Louise
 54082 | Depths:1 | Received a gift from Okawaru
 54099 | Depths:1 | Killed Louise
 54506 | Depths:1 | Received a gift from Okawaru
 55645 | Depths:2 | Paralysed by something for 2 turns
 55922 | Depths:2 | You are sucked into a shaft and drop 1 floor!
 55983 | Depths:3 | Received a gift from Okawaru
 56473 | Depths:3 | Noticed an ancient lich
 56481 | Depths:3 | Killed an ancient lich
 56492 | Depths:3 | Identified the +9 dagger of Evisceration {antimagic, Int+5
                  | Stlth-} (You found it on level 3 of the Depths)
 56623 | Depths:3 | Reached XP level 22. HP: 110/152 MP: 27/29
 56976 | Depths:3 | Noticed a juggernaut
 57669 | Depths:3 | Received a gift from Okawaru
 57925 | Depths:3 | Received a gift from Okawaru
 58085 | Depths:3 | Killed from afar by a spriggan air mage

Illustrated notes

Levels and vault maps discovered:
D:1:      sevenhm_arrival_forest_fort_small_6, layout_loops_ring
D:2:      layout_loops_cross, lemuel_tele_altar
D:3:      layout_basic
D:4:      layout_basic, kennysheep_little_box, uniq_grinder
D:5:      layout_basic, old_standard_altar, gammafunk_temple_overflow_forgotten,
          first_ration, item_on_display_a, uniq_sigmund
D:6:      layout_layer_cave, nicolae_ossuary_entry_giza,
          kennysheep_small_circle, uniq_menkaure
D:7:      layout_basic, minmay_temple_entry_waves, enter_bailey_2
D:8:      layout_basic, basic_altar
D:9:      layout_big_octagon, lemuel_crystal_altar, david_lair_shrubbed,
          serial_shops, kennysheep_mini_moat, david_nohive_1,
          grunt_ministairs_12
D:10:     layout_roguey, gammafunk_ghost_abyssal_escape, basic_altar
D:11:     layout_basic, chequers_serial_rivers_room_b, minmay_another_anthill,
          uniq_sonja
D:12:     layout_loops_cross, kennysheep_small_spiral
D:13:     layout_roguey, grunt_vaults_entry_tiered, kennysheep_doodads,
          nicolae_qazlal_style_of_elements
D:14:     layout_small_grid, nicolae_ru_the_path_less_chosen, st_stairs_5
D:15:     hangedman_depths_entry_try_elsewhere_first, layout_loops_ring,
          fedhas_altar_2, hangedman_abyss_or_decor_stabs
Temple:   nicolae_temple_x_marks_the_god
Lair:1:   layout_regular_city, uniq_nergalle
Lair:2:   layout_cellular_growth, beast_lair_carwin_2, grunt_megastairs_1
Lair:3:   gammafunk_mikee_crab_dinner, layout_misc_corridors,
          minmay_shoals_entry_centaurs, spider_nest_entry_web_field,
          beast_lair_carwin_7, uniq_fannar
Lair:4:   layout_gridlike, gammafunk_ghost_hydra_chop,
          nicolae_volcano_entry_vermiform, beast_lair_carwin_5
Lair:5:   layout_loops_ring, slime_altar_1, gammafunk_ghost_split
Lair:6:   evilmike_catoblepas_cave, layout_layer_cave, serial_bayou_shore_b
Spider:1: layout_spider_delve
Spider:2: layout_spider_delve, hangedman_spider_trapstep, uniq_arachne,
          uniq_frances
Spider:3: layout_chambers, guppyfry_spider_mini_1, uniq_mara
Spider:4: guppyfry_spider_rune
Orc:1:    layout_caves
Orc:2:    st_orc_mages, layout_diamond_mine, serial_shops, nicolae_shop_stone
Elf:1:    layout_gridlike, serial_glass, glass_columns_a, glass_columns_a,
          minivault_28, drop_trap, kb_rosetta
Elf:2:    layout_geoelf_diagonals, serial_sigils, serial_sigils_hangedman_carve,
          serial_sigils_hangedman_snap, serial_sigils_hangedman_writhe,
          serial_sigils_hangedman_gut, serial_shops, nicolae_shop_statue_plus,
          minivault_24
Vaults:1: nicolae_vaults_twisting_passages, nicolae_vaults_rhombus_5,
          hangedman_vaults_restitches, nicolae_vaults_network_square,
          vaults_mumra_hex, hangedman_vaults_cutoff, nicolae_vaults_rhombus_6,
          nicolae_vaults_circle_grid_b, nicolae_vaults_specimen_jars,
          vaults_dpeg_ring, dpeg_vaults_monster_row, sword_in_stone,
          layout_vaults_maze_snakey
Vaults:2: v_misc_1, nicolae_vaults_minivaults, ontoclasm_vaults_claustrophobia,
          ontoclasm_vaults_spin, v_pattern_4, ontoclasm_vaults_ligature,
          v_misc_17, vaults_mumra_lcd, vaults_dpeg_diagonal,
          nicolae_vaults_back_hallway, grunt_vaults_twisty,
          nicolae_vaults_border_crossing, layout_vaults_omnibox, uniq_jory
Vaults:3: hangedman_vaults_trim, v_rooms_5, blue_anna_dwarven_crypt,
          nicolae_vaults_fighting_squares, vaults_room_corners,
          nicolae_vaults_theta, vaults_standard_mumra_lines,
          layout_vaults_chaotic_city
Vaults:4: nicolae_vaults_asterisk, hangedman_vaults_stitches,
          grunt_vaults_bifocal, v_alt_pattern_4, vaults_standard_mumra_x,
          vaults_room_stairs_pillars, nicolae_vaults_sealed_display, v_misc_11,
          layout_vaults_quadrants, serial_shops, bzr_firewalk
Vaults:5
Depths:1: layout_twisted_cross, roderic_lattice_octagonal_star,
          nicolae_abyss_entry_one_way_or_another, hangedman_geh_valley,
          minmay_serpent_palace
Depths:2: grunt_house_of_mirrors, layout_gridlike,
          grunt_hell_entry_demonic_statue, infiniplex_staircase_pool_2,
          serial_bayou_shore_b, uniq_aizul
Depths:3: lemuel_river_lethe, pan_entry, hell_entry

Skill      XL: |  1  2  3  4  5  6  7  8  9 10 11 12 13 14 15 16 17 18 19 20 21 22 |
---------------+-------------------------------------------------------------------+-----
Bows           | 5 6 7 9 10 12 13 15 16 17 18 19 20 | 20.6
Fighting       | 3 5 6 8 9 10 12 13 14 15 18 20 | 20.2
Armour         | 4 5 6 7 10 13 14 | 14.4
Polearms       | 3 4 7 9 10 11 12 | 12.0
Invocations    | 4 6 7 8 9 10 | 10.0
Evocations     | 3 5 6 7 |  7.0
Dodging        | 3 4 6 7 10 11 13 | 13.5
Stealth        | |  1.1

Action                   |  1- 3 |  4- 6 |  7- 9 | 10-12 | 13-15 | 16-18 | 19-21 | 22-24 || total
-------------------------+-------+-------+-------+-------+-------+-------+-------+-------++-------
Melee: Short sword       |   162 |   107 |   198 |       |       |       |       |       ||   467
       Trident           |       |       |    78 |   432 |   982 |  1466 |   445 |       ||  3403
       Flail             |       |       |    70 |       |       |       |       |       ||    70
       Punch             |       |       |       |       |     8 |    13 |    20 |     1 ||    42
       Spear             |       |       |       |       |       |       |  1353 |   222 ||  1575
 Fire: Shortbow          |       |    37 |   165 |   355 |    74 |       |       |       ||   631
       Longbow           |       |       |       |       |   590 |   565 |   482 |    83 ||  1720
Throw: Dart              |       |    10 |     3 |     2 |       |       |       |       ||    15
Invok: Heroism           |       |       |       |    10 |    24 |    34 |    23 |     3 ||    94
       Finesse           |       |       |       |     1 |     9 |     8 |     5 |     1 ||    24
 Abil: Fly               |       |       |       |       |       |     1 |       |       ||     1
       Evoke Invisibilit |       |       |       |       |       |       |     1 |       ||     1
Evoke: Wand              |       |       |       |     5 |     3 |     7 |     1 |     8 ||    24
  Use: Scroll            |     3 |     7 |    13 |     5 |     6 |     6 |     7 |     1 ||    48
       Potion            |       |       |     4 |     3 |     8 |     2 |     1 |     1 ||    19
 Stab: Sleeping          |     2 |     4 |     2 |       |       |       |       |       ||     8
       Distracted        |       |       |       |       |       |     1 |       |       ||     1
  Eat: Chunk             |     3 |     6 |    12 |    23 |    26 |    12 |    32 |     4 ||   118
       Ration            |       |       |     2 |     2 |     4 |    10 |     3 |       ||    21
Armor: Leather armour    |    20 |       |       |       |       |       |       |       ||    20
       Robe              |    40 |    40 |    74 |       |       |       |       |       ||   154
       Skin              |       |       |     5 |       |       |       |       |       ||     5
       Ring mail         |       |       |   144 |   110 |       |       |       |       ||   254
       Chain mail        |       |       |       |   284 |   571 |  1075 |     7 |       ||  1937
       Plate armour      |       |       |       |       |       |       |   711 |    80 ||   791
Dodge: Dodged            |   114 |    94 |   267 |   354 |   631 |  1472 |   850 |   123 ||  3905
Block: Other             |       |       |       |       |   234 |   395 |   267 |    36 ||   932
       Reflection        |       |       |       |       |    12 |     5 |    26 |     4 ||    47
